 Dungeon Crawl Stone Soup version 0.22.1-1-ga44c0e56f4 (webtiles) character file.

536 subutex69 the Ruffian (level 7, -1/105 HPs)
             Began as a Troll Berserker on Oct 25, 2018.
             Was a Priest of Trog.
             Slain by an ogre
             ... wielding a +0 giant spiked club
              (24 damage)
             ... on level 4 of the Dungeon.
             The game lasted 00:24:41 (2648 turns).

subutex69 the Ruffian (Troll Berserker)             Turns: 2648, Time: 00:24:42

Health: -1/105     AC:  1    Str: 31    XL:     7   Next: 4%
Magic:  6/6        EV:  8    Int:  3    God:    Trog [***...]
Gold:   162        SH:  8    Dex: 11    Spells: 6/6 levels left

rFire    . . .     SeeInvis .     - Unarmed
rCold    . . .     Gourm    +   j - +0 shield (curse)
rNeg     . . .     Faith    .   a - +0 animal skin
rPois    .         Spirit   .   (helmet restricted)
rElec    .         Reflect  .   (no cloak)
rCorr    .         Harm     .   (gloves unavailable)
MR       .....                  (boots unavailable)
Stlth    ..........             (no amulet)
HPRegen  0.67/turn              (no ring)
MPRegen  0.10/turn              (no ring)

@: berserking, corroded, very quick
A: large, unfitting armour, claws 3, fast metabolism 3, gourmand, regeneration
1, shaggy fur 1, tough skin 2
a: Berserk, Trog's Hand, Renounce Religion


You were on level 4 of the Dungeon.
You worshipped Trog.
Trog was most pleased with you.
You were not hungry.

You visited 1 branch of the dungeon, and saw 4 of its levels.

You collected 162 gold pieces.

Inventory:

Armour
 a - a +0 animal skin (worn)
 j - a cursed +0 shield (worn)
Scrolls
 d - a scroll of teleportation {unknown}
 f - a scroll of amnesia {unknown}
 g - 2 scrolls of identify {unknown}
 h - a scroll of magic mapping {unknown}
 i - 2 scrolls of blinking {unknown}
Potions
 c - 3 potions of curing {unknown}
 e - a potion of might {unknown}
Comestibles
 b - a ration


   Skills:
 + Level 4.2 Fighting
 + Level 4.2 Dodging
 * Level 1.0 Shields
 + Level 5.1 Unarmed Combat


You had 6 spell levels left.
You didn't know any spells.
Your spell library was empty.

Dungeon Overview and Level Annotations

Branches:
Dungeon (4/15)
 Temple: D:4-7

Altars:
Cheibriados


Innate Abilities, Weirdness & Mutations

You are too large for most types of armour.
You have claws for hands.
Your metabolism is lightning-fast.
You like to eat raw meat.
Your natural rate of healing is unusually fast.
You are covered in fur. (AC +1)
You have very tough skin. (AC +2)


Message History

The ogre hits you with a giant spiked club!
* * * LOW HITPOINT WARNING * * *
You closely miss Ijyb.
Ijyb is moderately wounded.
Ijyb hits you but does no damage.
You claw Ijyb!
Ijyb is severely wounded.
You block the ogre's attack.
An iguana comes into view.
The iguana hisses angrily.
You claw Ijyb!
You kill Ijyb!
Trog accepts your kill.
Your Shields skill increases to level 1!
You have reached level 7!
You claw the ogre!
The ogre is moderately wounded.
An orc priest comes into view.
The ogre hits you with a giant spiked club!!
You die...

## .# ##.# ...#
#o.##########..#
.......O...##..######
...#####@)[..†l......
#.#.###.##.... ...#.#
.# # #####.# .. ...
..# #.# ..# #.. ...
### g..


You could see an ogre, an iguana and an orc priest.

Vanquished Creatures
  Sigmund (D:2)
  The ghost of Muschelhups the Cudgeler, an amateur MiMo (D:3)
  A scorpion (D:3)
  A howler monkey (D:4)
  Jessica (D:2)
  Ijyb (D:4)
  A worker ant (D:3)
  5 adders
  6 worms
  A dart slug (D:1)
  A leopard gecko (D:1)
  7 orcs
  10 bats
  6 giant cockroaches
  A goblin (D:2)
  3 hobgoblins
  3 jackals (D:3)
  4 quokkas
  4 ball pythons
  4 frilled lizards
  A kobold (D:1)
  6 rats
69 creatures vanquished.

Notes
Turn   | Place    | Note
-------+----------+-------------------------------------------
     0 | D:1      | subutex69 the Troll Berserker began the quest for the Orb.
     0 | D:1      | Reached XP level 1. HP: 22/22 MP: 0/0
   243 | D:1      | Reached XP level 2. HP: 29/29 MP: 1/1
   739 | D:2      | Noticed Jessica
   800 | D:2      | Noticed Sigmund
   807 | D:2      | Killed Sigmund
   807 | D:2      | Reached skill level 4 in Unarmed Combat
   807 | D:2      | Reached XP level 3. HP: 37/37 MP: 2/2
   807 | D:2      | Reached XP level 4. HP: 45/45 MP: 3/3
   807 | D:2      | Reached XP level 5. HP: 53/53 MP: 4/4
   990 | D:2      | Reached ** piety under Trog
  1435 | D:2      | Killed Jessica
  1591 | D:2      | Found a snail-covered altar of Cheibriados.
  1873 | D:3      | Reached XP level 6. HP: 57/62 MP: 5/5
  1967 | D:3      | Found a runed door.
  1973 | D:3      | Noticed Muschelhups's ghost (amateur MiMo)
  1980 | D:3      | Killed Muschelhups's ghost
  2123 | D:3      | Reached skill level 5 in Unarmed Combat
  2494 | D:4      | Reached *** piety under Trog
  2502 | D:4      | Noticed Ijyb
  2647 | D:4      | Killed Ijyb
  2647 | D:4      | Reached skill level 1 in Shields
  2647 | D:4      | Reached XP level 7. HP: 22/70 MP: 6/6
  2648 | D:4      | Slain by an ogre

Skill      XL: |  1  2  3  4  5  6 |
---------------+-------------------+-----
Fighting       | 3 4 |  4.2
Dodging        | 3 4 |  4.2
Unarmed Combat | 4 5 |  5.1
Shields        | 1 |  1.0

Action                   |  1- 3 |  4- 6 |  7- 9 || total
-------------------------+-------+-------+-------++-------
Melee: Unarmed           |    51 |   145 |     1 ||   197
       Punch             |       |     1 |       ||     1
Invok: Berserk           |     1 |     2 |       ||     3
       Trog's Hand       |       |     1 |       ||     1
 Stab: Sleeping          |       |     2 |       ||     2
  Eat: Chunk             |     2 |     9 |       ||    11
       Ration            |     1 |     3 |       ||     4
Armor: Animal skin       |    19 |    31 |       ||    50
Dodge: Dodged            |    26 |    74 |       ||   100
Block: Shield            |       |     9 |       ||     9
